 Dungeon Crawl Stone Soup version 0.22-a0-402-ga933591 (webtiles) character file.

96 Kairos the Vexing (level 4, -1/34 HPs)
             Began as a Gnoll Arcane Marksman on May 6, 2018.
             Killed from afar by Sigmund (8 damage)
             ... with a puff of flame
             ... on level 3 of the Dungeon.
             The game lasted 00:03:24 (2218 turns).

Kairos the Vexing (Gnoll Arcane Marksman)           Turns: 2218, Time: 00:03:25

Health: -1/34      AC:  5    Str: 13    XL:     4   Next: 67%
Magic:  8/8        EV: 14    Int: 16    God:
Gold:   95         SH:  0    Dex: 15    Spells: 8/9 levels left

rFire    . . .     SeeInvis .   q - +0 hunting sling (velocity)
rCold    . . .     Gourm    .   (no shield)
rNeg     . . .     Faith    .   g - +0 leather armour
rPois    .         Spirit   .   c - +0 helmet
rElec    .         Reflect  .   j - +0 cloak
rCorr    .         Harm     .   (no gloves)
MR       .....                  (no boots)
Stlth    ++........             (no amulet)
HPRegen  0.11/turn              (no ring)
MPRegen  0.11/turn              (no ring)

@: no status effects
A: distributed training, fangs 1, strong nose
a: no special abilities


You were on level 3 of the Dungeon.
You were near starving.

You visited 1 branch of the dungeon, and saw 3 of its levels.

You collected 95 gold pieces.

Inventory:

Hand Weapons
 a - a +0 hunting sling
 m - a +0 hand axe
 q - a +0 hunting sling of velocity (weapon)
Missiles
 b - 72 stones
 d - 18 sling bullets (quivered)
Armour
 c - a +0 helmet (worn)
 e - a +0 robe
 g - a +0 leather armour (worn)
 j - a +0 cloak (worn)
Scrolls
 h - a scroll of amnesia {unknown}
 k - a scroll of random uselessness {unknown}
 l - a scroll of fear {unknown}
 n - a scroll of teleportation {unknown}
 o - a scroll of identify {unknown}
 p - 3 scrolls of remove curse {unknown}
Potions
 i - a potion of brilliance {unknown}
Comestibles
 f - 5 rations


   Skills:
 + Level 2.8 Fighting
 + Level 1.2 Short Blades
 + Level 1.2 Long Blades
 + Level 1.2 Axes
 + Level 1.2 Maces & Flails
 + Level 1.2 Polearms
 + Level 1.2 Staves
 + Level 4.6 Slings
 + Level 1.2 Bows
 + Level 1.2 Crossbows
 + Level 1.2 Throwing
 + Level 1.2 Armour
 + Level 4.6 Dodging
 + Level 1.2 Stealth
 + Level 1.2 Shields
 + Level 1.2 Unarmed Combat
 + Level 3.0 Spellcasting
 + Level 1.0 Conjurations
 + Level 5.5 Hexes
 + Level 1.0 Charms
 + Level 1.0 Summonings
 + Level 1.0 Necromancy
 + Level 1.0 Translocations
 + Level 1.0 Transmutations
 + Level 1.0 Fire Magic
 + Level 1.0 Ice Magic
 + Level 1.0 Air Magic
 + Level 1.0 Earth Magic
 + Level 1.0 Poison Magic
 + Level 1.3 Invocations
 + Level 1.2 Evocations


You had 8 spell levels left.
You knew the following spells:

 Your Spells              Type           Power        Failure   Level  Hunger
a - Corona                Hex            ###....      2%          1    #......


Dungeon Overview and Level Annotations

Branches:
Dungeon (3/15)

Altars:

Annotations:
D:3 1 runed door, Sigmund


Innate Abilities, Weirdness & Mutations

Your experience applies equally to all skills.
You have very sharp teeth.
Your uncanny sense of smell can sniff out nearby items.


Message History

The magic dart hits you!
Okay, then.
You feel less confused. Sigmund hits you but does no damage.
You are too injured to fight recklessly!
You are too injured to fight recklessly!
You are too injured to fight recklessly!
You see here 26 bolts.
Sigmund casts a spell at you. The magic dart hits you!
* * * LOW HITPOINT WARNING * * *
Unknown command.
Sigmund gestures at you while chanting. You resist with some effort.
Sigmund mumbles some strange words.
Sigmund flickers and vanishes!
Deactivating autopickup; reactivate with Ctrl-A.
A puff of flame appears from out of thin air!
The puff of flame hits you!
You die...

.(# #.# #(# #.# #(#
#.# #(# #.# #(# #.#
#####.# #.# #...#.#
#<# ###...#
##########.#
.(..###
#.....@....# .####
#.########## .# #.#
.##########.##
.......{.....######
###
.....######........
..#
.....######.#######
#.# ..........#.#
#.# ∆ ............#
#.# #


There were no monsters in sight!

Vanquished Creatures
  Terence (D:2)
  An adder (D:3)
  2 oozes
  3 dart slugs
  2 leopard geckos
  An orc (D:3)
  4 giant cockroaches
  8 goblins
  4 hobgoblins
  7 kobolds
  A quokka (D:2)
  3 bats (D:1)
  A frilled lizard (D:1)
  7 rats
45 creatures vanquished.

Notes
Turn   | Place    | Note
-------+----------+-------------------------------------------
     0 | D:1      | Kairos the Gnoll Arcane Marksman began the quest for the Orb.
     0 | D:1      | Reached XP level 1. HP: 17/17 MP: 4/4
   135 | D:1      | Reached XP level 2. HP: 23/23 MP: 5/5
   564 | D:1      | Reached XP level 3. HP: 28/28 MP: 7/7
  1229 | D:2      | Noticed Terence
  1255 | D:2      | Reached skill level 1 in Invocations
  1259 | D:2      | Killed Terence
  1259 | D:2      | Reached skill level 1 in Short Blades
  1259 | D:2      | Reached skill level 1 in Long Blades
  1259 | D:2      | Reached skill level 1 in Axes
  1259 | D:2      | Reached skill level 1 in Maces & Flails
  1259 | D:2      | Reached skill level 1 in Polearms
  1259 | D:2      | Reached skill level 1 in Staves
  1259 | D:2      | Reached skill level 1 in Bows
  1259 | D:2      | Reached skill level 1 in Crossbows
  1259 | D:2      | Reached skill level 1 in Throwing
  1259 | D:2      | Reached skill level 1 in Armour
  1259 | D:2      | Reached skill level 1 in Stealth
  1259 | D:2      | Reached skill level 1 in Shields
  1259 | D:2      | Reached skill level 1 in Unarmed Combat
  1259 | D:2      | Reached skill level 1 in Evocations
  1259 | D:2      | Reached XP level 4. HP: 18/34 MP: 8/8
  1782 | D:3      | Reached skill level 1 in Conjurations
  1782 | D:3      | Reached skill level 1 in Charms
  1782 | D:3      | Reached skill level 1 in Summonings
  1782 | D:3      | Reached skill level 1 in Necromancy
  1782 | D:3      | Reached skill level 1 in Translocations
  1782 | D:3      | Reached skill level 1 in Transmutations
  1782 | D:3      | Reached skill level 1 in Fire Magic
  1782 | D:3      | Reached skill level 1 in Ice Magic
  1782 | D:3      | Reached skill level 1 in Air Magic
  1782 | D:3      | Reached skill level 1 in Earth Magic
  1782 | D:3      | Reached skill level 1 in Poison Magic
  1801 | D:3      | Noticed Sigmund
  2159 | D:3      | Found a runed door.
  2218 | D:3      | Killed from afar by Sigmund

Vault maps used:
D:1:      minmay_arrival_up_and_down
D:2:      minmay_goblin_kobold_house, uniq_terence
D:3:      uniq_sigmund, uniq_robin, uniq_crazy_yiuf_cottage, uniq_natasha

Skill      XL: |  1  2  3  4 |
---------------+-------------+-----
Invocations    | 1 |  1.3
Short Blades   | 1 |  1.2
Long Blades    | 1 |  1.2
Axes           | 1 |  1.2
Maces & Flails | 1 |  1.2
Polearms       | 1 |  1.2
Staves         | 1 |  1.2
Bows           | 1 |  1.2
Crossbows      | 1 |  1.2
Throwing       | 1 |  1.2
Armour         | 1 |  1.2
Stealth        | 1 |  1.2
Shields        | 1 |  1.2
Unarmed Combat | 1 |  1.2
Evocations     | 1 |  1.2
Spellcasting   | 3 |  3.0
Conjurations   | 1 |  1.0
Charms         | 1 |  1.0
Summonings     | 1 |  1.0
Necromancy     | 1 |  1.0
Translocations | 1 |  1.0
Transmutations | 1 |  1.0
Fire Magic     | 1 |  1.0
Ice Magic      | 1 |  1.0
Air Magic      | 1 |  1.0
Earth Magic    | 1 |  1.0
Poison Magic   | 1 |  1.0
Fighting       | |  2.8
Slings         | |  4.6
Dodging        | |  4.6
Hexes          | |  5.5

Action                   |  1- 3 |  4- 6 || total
-------------------------+-------+-------++-------
 Fire: Hunting sling     |    98 |    44 ||   142
  Eat: Chunk             |       |     2 ||     2
Armor: Leather armour    |     5 |     4 ||     9
Dodge: Dodged            |    22 |     5 ||    27

Table legend:
 A = Spawn XP
 B = Non-spawn XP
 C = Spawn XP percentage of total XP
 D = Spawn monster count
 E = Non-spawn monster count
 F = Spawn count percentage of total count
 G = Total turns spent on level
                    A         B        C        D         E        F      G
               +---------+---------+-------+---------+---------+-------+---------
         Total |       0 |     138 |   0.0 |       0 |      45 |   0.0 |  2218
               +---------+---------+-------+---------+---------+-------+---------
           D:1 |       0 |      35 |   0.0 |       0 |      21 |   0.0 |   648
           D:2 |       0 |      80 |   0.0 |       0 |      21 |   0.0 |  1348
           D:3 |       0 |      23 |   0.0 |       0 |       3 |   0.0 |   222
               +---------+---------+-------+---------+---------+-------+---------
